 Dungeon Crawl Stone Soup version 0.21-a0-140-g479285b (webtiles) character file.

3201 tof the Spear-Bearer (level 9, 0/71 HPs)
             Began as a Merfolk Berserker on July 19, 2017.
             Was an Elder of Trog.
             Slain by a slime creature (16 damage)
             ... on level 6 of the Dungeon.
             The game lasted 00:13:16 (8051 turns).

tof the Spear-Bearer (Merfolk Berserker)            Turns: 8051, Time: 00:13:16

Health: 0/71       AC:  3    Str: 19      XL:     9   Next: 96%
Magic:  9/9        EV: 21    Int:  5 (6)  God:    Trog [****..]
Gold:   472        SH:  0    Dex: 15      Spells: 8/8 levels left

rFire    . . .     SeeInvis .   a - +1 spear
rCold    . . .     Gourm    .   (no shield)
rNeg     + . .     Faith    .   m - +0 ring mail
rPois    .         Spirit   .   (no helmet)
rElec    .         Reflect  .   u - scarf {repulsion}
rCorr    .         Harm     .   (no gloves)
MR       .....                  (no boots)
Stlth    +.........             (no amulet)
HPRegen  0.21/turn              t - ring of positive energy
MPRegen  0.11/turn              l - +3 ring of evasion

@: corroded, repel missiles
A: change form in water, swift swim, stealthy swim, molten scales 1
a: Berserk, Trog's Hand, Brothers in Arms, Burn Spellbooks, Renounce Religion


You were on level 6 of the Dungeon.
You worshipped Trog.
Trog was greatly pleased with you.
You were not hungry.

You visited 1 branch of the dungeon, and saw 6 of its levels.

You collected 472 gold pieces.

Inventory:

Hand Weapons
 a - a +1 spear (weapon)
Armour
 m - a +0 ring mail (worn)
 u - a scarf of repulsion (worn)
Jewellery
 l - a +3 ring of evasion (right hand)
 t - a ring of positive energy (left hand)
Wands
 p - a wand of lightning (9/15)
Scrolls
 b - a scroll of blinking {unknown}
 f - 3 scrolls of enchant weapon
 g - 3 scrolls of recharging
 q - 2 scrolls of fog
 s - 2 scrolls of enchant armour {unknown}
 x - a scroll of magic mapping
 y - 3 scrolls of remove curse {unknown}
Potions
 e - 3 potions of resistance
 h - 2 potions of might
 i - 2 potions of ambrosia
 j - 5 potions of degeneration
 k - 2 potions of curing
 o - 2 potions of flight
 r - a potion of haste
 v - a potion of cancellation
 w - 2 potions of heal wounds
 B - a potion of brilliance
 C - a potion of mutation {unknown}
Books
 d - a book of Changes

   Spells                             Type                      Level
   a - Beastly Appendage              Transmutation                1
   b - Sticks to Snakes               Transmutation                2
   c - Spider Form                    Transmutation/Poison         3
   d - Ice Form                       Ice/Transmutation            4
   e - Blade Hands                    Transmutation                5
   Trog disapproves of the use of such an item.
Comestibles
 c - 6 bread rations
 n - 5 meat rations
 z - a chunk of flesh
 A - a royal jelly
 D - 4 fruits


   Skills:
 + Level 6.8 Fighting
 * Level 11.9 Polearms
 + Level 4.2 Armour
 * Level 10.7 Dodging


You had 8 spell levels left.
You didn't know any spells.

Dungeon Overview and Level Annotations

Branches:
Dungeon (6/15)
 Temple: D:4-7

Altars:
Nemelex Xobeh
Sif Muna
Xom
Yredelemnul

Shops:
D:6 *


Innate Abilities, Weirdness & Mutations

You revert to your normal form in water.
You are very nimble and swift while swimming.
You are very stealthy in the water. (Stealth+)
You are partially covered in molten scales. (AC +2)


Message History

You hit the slime creature.
The slime creature is lightly wounded.
The slime creature hits you.
* * * LOW HITPOINT WARNING * * *
You hit the slime creature but do no damage.
The slime creature is lightly wounded.
You hit the slime creature.
The slime creature is lightly wounded.
The slime creature closely misses you.
You hit the slime creature.
The slime creature is lightly wounded.
You hit the slime creature.
The slime creature is moderately wounded.
The slime creature closely misses you.
You hit the slime creature.
The slime creature is moderately wounded.
You barely miss the slime creature.
The slime creature is moderately wounded.
The slime creature hits you!
You die...

..........#
....####### ...(#
....### ###
......# ##.#######
...##.#
#.#.#....#####
...# ..#
#.#.#.....##.#
..## .#
#)#'#......'.####.
..# .#
#@#........'......
..### .#
#J#........'..###.
..'.# .#
#.#.......##..#
..#.##.#
'##......####.#
#.#....# #
######## #.#
#.##...# #.####
#......#### #.....
####......# #.....
#...###.# #.....


You could see a slime creature.

Vanquished Creatures
  A two-headed ogre (D:5)
  A slime creature (D:6)
  Edmund (D:6)
  3 sky beasts
  A phantom (D:4)
  3 ogres
  3 centaurs
  2 big kobolds (D:6)
  Blork the orc (D:6)
  A bullfrog (D:5)
  3 scorpions
  3 howler monkeys
  2 crimson imps (D:5)
  A bullfrog zombie (D:5)
  A quasit (D:6)
  7 orc wizards
  2 orc priests (D:5)
  2 jellies (D:6)
  A gnoll shaman (D:5)
  An iguana (D:5)
  5 worker ants
  8 gnolls
  12 adders
  2 shadow imps (D:5)
  An adder zombie (D:5)
  A worm (D:4)
  3 dart slugs (D:1)
  2 leopard geckos
  17 orcs
  4 ball pythons
  10 bats
  4 giant cockroaches
  7 goblins
  10 hobgoblins
  4 jackals
  4 quokkas
  8 frilled lizards
  A jackal zombie (D:6)
  9 kobolds
  2 rats
154 creatures vanquished.

Vanquished Creatures (others)
  3 fungi (D:6)
  8 toadstools (D:6)
11 creatures vanquished.

Grand Total: 165 creatures vanquished

Notes
Turn   | Place    | Note
-------+----------+-------------------------------------------
     0 | D:1      | tof the Merfolk Berserker began the quest for the Orb.
     0 | D:1      | Reached XP level 1. HP: 18/18 MP: 1/1
   154 | D:1      | Reached XP level 2. HP: 23/24 MP: 2/2
   834 | D:1      | Reached skill level 5 in Polearms
  1020 | D:2      | Reached XP level 3. HP: 29/29 MP: 3/3
  1369 | D:2      | Reached XP level 4. HP: 33/37 MP: 4/4
  1549 | D:2      | Reached ** piety under Trog
  2194 | D:3      | Reached skill level 6 in Polearms
  2226 | D:3      | Found a deep blue altar of Sif Muna.
  2478 | D:3      | Reached XP level 5. HP: 40/42 MP: 5/5
  2584 | D:4      | Noticed an ogre
  2598 | D:4      | Killed an ogre
  2891 | D:4      | Reached skill level 5 in Dodging
  2891 | D:4      | Reached XP level 6. HP: 26/48 MP: 6/6
  3153 | D:4      | Found a basalt altar of Yredelemnul.
  3233 | D:4      | Reached skill level 7 in Polearms
  3753 | D:4      | Noticed a phantom
  3781 | D:4      | Killed a phantom
  3888 | D:4      | Reached XP level 7. HP: 46/55 MP: 7/7
  4004 | D:4      | Reached skill level 8 in Polearms
  4720 | D:5      | Entered Level 5 of the Dungeon
  4786 | D:5      | Reached *** piety under Trog
  5215 | D:5      | Reached skill level 5 in Fighting
  5215 | D:5      | Reached XP level 8. HP: 37/62 MP: 8/8
  5478 | D:5      | Reached skill level 9 in Polearms
  5482 | D:5      | Gained mutation: You are partially covered in molten scales. (AC +2) [mutagenic meat]
  5577 | D:5      | HP: 3/62 [poisoned by a scorpion]
  5585 | D:5      | HP: 3/62 [poisoned by a scorpion]
  6174 | D:5      | Noticed a two-headed ogre
  6183 | D:5      | Killed a two-headed ogre
  6183 | D:5      | Reached skill level 10 in Polearms
  6183 | D:5      | Reached XP level 9. HP: 69/69 MP: 9/9
  6596 | D:5      | Reached skill level 11 in Polearms
  7211 | D:5      | Reached **** piety under Trog
  7562 | D:6      | Noticed Edmund
  7575 | D:6      | Killed Edmund
  7575 | D:6      | Reached skill level 10 in Dodging
  7623 | D:6      | Found Ifufuw's Assorted Antiques.
  7800 | D:6      | Found a shimmering altar of Xom.
  7806 | D:6      | Found a sparkling altar of Nemelex Xobeh.
  7984 | D:6      | Noticed Blork the orc
  8033 | D:6      | Killed Blork the orc
  8051 | D:6      | Slain by a slime creature

Vault maps used:
D:1:      lightli_arrival_boilingwater
D:3:      corexii_corridor_pit, lemuel_blue_sif_altar
D:4:      kennysheep_mini_moat
D:5:      first_bread, hangedman_minor_gate_pass
D:6:      cheibrodos_fertilizer, grunt_temple_overflow_open, serial_shops,
          nicolae_shop_overgrown_old_shop, eino_tiny_chamber,
          uniq_blork_the_orc, uniq_edmund

Skill      XL: |  1  2  3  4  5  6  7  8  9 |
---------------+----------------------------+-----
Dodging        | 3 4 5 7 9 10 | 10.7
Polearms       | 5 6 7 8 10 11 | 11.9
Fighting       | 4 5 6 |  6.8
Armour         | 2 3 4 |  4.2

Action                   |  1- 3 |  4- 6 |  7- 9 || total
-------------------------+-------+-------+-------++-------
Melee: Spear             |   122 |   241 |   639 ||  1002
       Tailslap          |     1 |       |       ||     1
Invok: Berserk           |       |       |     2 ||     2
       Trog's Hand       |       |       |     1 ||     1
  Use: Scroll            |       |     2 |     4 ||     6
       Potion            |       |       |    11 ||    11
 Stab: Sleeping          |     2 |       |       ||     2
  Eat: Chunk             |     1 |     7 |    12 ||    20
       Royal jelly       |       |     1 |       ||     1
       Bread ration      |       |       |     1 ||     1
Armor: Animal skin       |    27 |       |       ||    27
       Ring mail         |    23 |    38 |    94 ||   155
Dodge: Dodged            |    70 |    99 |   247 ||   416
       Deflected         |       |     1 |    12 ||    13
